 Dungeon Crawl Stone Soup version 0.27.0-66-gdc8fb28755 (webtiles) character file.

Game seed: 8786725777939609464

555486 robertstho the Crack Shot (level 26, -2/256 HPs)
             Began as a Ghoul Gladiator on Aug 19, 2021.
             Was the Champion of Okawaru.
             Slain by a death scarab (4 damage)
             ... summoned by a royal mummy
             ... on level 1 of the Tomb of the Ancients.
             The game lasted 01:56:53 (60475 turns).

robertstho the Crack Shot (Ghoul Gladiator)        Turns: 60475, Time: 01:56:55

Health: -2/256     AC: 40    Str: 27    XL:     26   Next: 46%
Magic:  33/33      EV:  7    Int:  4    God:    Okawaru [******]
Gold:   3790       SH:  5    Dex: 12    Spells: 25/25 levels left

rFire    . . .     SeeInvis +   a - +8 storm bow {elec, penet}
rCold    + + +     Faith    .   (shield currently unavailable)
rNeg     + + +     Spirit   .   j - +9 scales of the Dragon King {rPois rF+ rC+ Will+}
rPois    ∞         Reflect  +   r - +2 helmet {SInv}
rElec    .         Harm     .   M - scarf {repulsion}
rCorr    +         Rampage  .   J - +2 pair of gloves {archery}
Will     ++...                  Y - +0 pair of boots of Zaihafokh {+Blink rF- rC+ rCorr}
Stlth    ..........             L - amulet of reflection
HPRegen  0.00/turn              H - +4 ring of protection
MPRegen  0.23/turn              W - ring of protection from cold

@: marked, inhibited regen, slowed, repel missiles, very slow
A: claws 1, cold resistance 1, negative energy resistance 3, inhibited
regeneration, torment resistance 2
}: 3/15 runes: decaying, serpentine, silver
a: Renounce Religion, Evoke Blink, Heroism, Finesse


You were on level 1 of the Tomb of the Ancients.
You worshipped Okawaru.
Okawaru was exalted by your worship.
You visited 10 branches of the dungeon, and saw 44 of its levels.
You visited the Abyss 3 times.
You also visited: Ice Cave.

You collected 7180 gold pieces.
You spent 3390 gold pieces at shops.

Inventory:

Hand Weapons
 a - the +8 storm bow (weapon) {elec, penet}
   (You acquired it on level 3 of the Vaults)

   Any ammunition fired from it occasionally discharges a powerful burst of
   electricity upon striking a foe.
   Any ammunition fired by it passes through the targets it hits, potentially
   hitting all targets in its path until it reaches maximum range.
 e - the +8 longbow "Zephyr" {speed, Dex+3 SInv}
   (You found it on level 4 of the Dungeon)

   Attacks with this weapon are significantly faster.
   Dex:       It affects your dexterity (+3).
   SInv:      It lets you see invisible.
 q - the +3 Elemental Staff {rElec rF++ rC++ Will++ AC+5}
   (You found it on level 3 of the Elven Halls)

   If the wielder is skilled in Evocations, they can discharge powerful blasts
   of elemental energy when striking with it.
   It enhances your fire, ice, earth and air magic.
   AC:        It affects your AC (+5).
   rF:        It greatly protects you from fire.
   rC:        It greatly protects you from cold.
   rElec:     It insulates you from electricity.
   Will:      It greatly increases your willpower.
 z - the +9 lance "Wyrmbane" {slay drac, rPois rF+ rC+ AC+3}
   (You took it off Maggie on level 7 of the Dungeon)

   It inflicts extra damage against dragons and draconians.
   AC:        It affects your AC (+3).
   rF:        It protects you from fire.
   rC:        It protects you from cold.
   rPois:     It protects you from poison.
Missiles
 g - 1223 arrows (quivered ammo)
Armour
 c - the +2 cloak of Yboemoga {rF+ MP-9 Dex+6 Slay+6}
   (You found it on level 3 of the Elven Halls)

   Dex:       It affects your dexterity (+6).
   Slay:      It affects your accuracy & damage with ranged weapons and melee
   (+6).
   rF:        It protects you from fire.
   MP:        It affects your magic capacity (-9).
 j - the +9 scales of the Dragon King (worn) {rPois rF+ rC+ Will+}
   (You found it on level 4 of the Swamp)

   rF:        It protects you from fire.
   rC:        It protects you from cold.
   rPois:     It protects you from poison.
   Will:      It increases your willpower.
 r - a +2 helmet of see invisible (worn)
 J - a +2 pair of gloves of archery (worn)
 M - a scarf of repulsion (worn)
 V - the +12 crystal plate armour of Agoraphobia {rCorr}
   (Okawaru gifted it to you on level 13 of the Dungeon)

   rCorr:     It protects you from acid and corrosion.
 Y - the +0 pair of boots of Zaihafokh (worn) {+Blink rF- rC+ rCorr}
   (You found it on level 3 of the Elven Halls)

   rF:        It makes you vulnerable to fire.
   rC:        It protects you from cold.
   +Blink:    It lets you blink.
   rCorr:     It protects you from acid and corrosion.
Jewellery
 i - a ring of protection from fire
 n - a ring of protection from cold
 H - a +4 ring of protection (left hand)
 I - a +4 ring of protection
 L - an amulet of reflection (around neck)
 Q - the ring "Kirche" {Fire rPois rN+ Dex+4}
   (You took it off a deep elf demonologist on level 3 of the Elven Halls)

   [ring of fire]

   It enhances your fire magic.
   Dex:       It affects your dexterity (+4).
   rF:        It protects you from fire.
   rC:        It makes you vulnerable to cold.
   rPois:     It protects you from poison.
   rN:        It protects you from negative energy.
 U - a ring of flight
 W - a ring of protection from cold (right hand)
Wands
 v - a wand of iceblast (104)
 P - a wand of digging (14)
 S - a wand of mindburst (27)
 T - a wand of acid (29)
Scrolls
 b - 16 scrolls of teleportation
 k - a scroll of brand weapon
 o - 17 scrolls of identify
 p - 2 scrolls of silence
 s - 10 scrolls of enchant armour
 t - 12 scrolls of fear
 x - 9 scrolls of immolation
 y - 5 scrolls of blinking
 C - 9 scrolls of fog
 E - 2 scrolls of enchant weapon
 G - 7 scrolls of magic mapping
 O - 2 scrolls of summoning
Potions
 d - 3 potions of heal wounds
 f - 34 potions of curing
 h - 8 potions of haste
 l - 11 potions of flight
 m - 5 potions of invisibility
 u - 5 potions of ambrosia
 A - 3 potions of cancellation
 B - 2 potions of resistance
 D - 2 potions of brilliance
 F - 5 potions of might
Miscellaneous
 w - a condenser vane (inert)
 K - a box of beasts
 N - a phantom mirror
 R - a lightning rod (4/4)


   Skills:
 * Level 24.7 Fighting
 * Level 24.8 Bows
 + Level 1.7 Throwing
 + Level 12.2 Armour
 + Level 3.6 Dodging
 + Level 2.1 Stealth
 + Level 5.4 Shields
 * Level 17.3 Unarmed Combat
 * Level 15.8 Invocations
 + Level 0.4 Evocations


You had 25 spell levels left.
You didn't know any spells.
Your spell library contained the following spells:

 Spells                   Type           Power      Damage    Failure   Level
 Apportation              Tloc           0%         N/A       100%        1
 Freeze                   Ice            0%         1d3       100%        1
 Sting                    Tmut/Pois      0%         1d3       100%        1
 Summon Small Mammal      Summ           0%         N/A       100%        1
 Blink                    Tloc           N/A        N/A       100%        2
 Corpse Rot               Necr/Air       N/A        N/A       100%        2
 Poisonous Vapours        Pois/Air       0%         N/A       100%        2
 Slow                     Hex            0%         N/A       100%        2
 Call Canine Familiar     Summ           0%         N/A       100%        3
 Confusing Touch          Hex            0%         N/A       100%        3
 Dazzling Flash           Conj/Hex       0%         N/A       100%        3
 Frozen Ramparts          Ice            0%         1d2       100%        3
 Gell's Gravitas          Tloc           0%         N/A       100%        3
 Ignite Poison            Fire/Tmut/Pois 0%         N/A       100%        3
 Lesser Beckoning         Tloc           0%         N/A       100%        3
 Mephitic Cloud           Conj/Pois/Air  0%         N/A       100%        3
 Ozocubu's Armour         Ice            0%         N/A       100%        3
 Stone Arrow              Conj/Erth      0%         3d7       100%        3
 Summon Guardian Golem    Hex/Summ       0%         N/A       100%        3
 Teleport Other           Tloc           0%         N/A       100%        3
 Tukima's Dance           Hex            0%         N/A       100%        3
 Vampiric Draining        Necr           0%         2d6       100%        3
 Animate Armour           Summ/Erth      0%         N/A       100%        4
 Animate Dead             Necr           0%         N/A       100%        4
 Cause Fear               Hex            0%         N/A       100%        4
 Hailstorm                Conj/Ice       0%         3d3       100%        4
 Iskenderun's Mystic Bla  Conj/Tloc      0%         2d3       100%        4
 Olgreb's Toxic Radiance  Pois           0%         N/A       100%        4
 Passage of Golubria      Tloc           N/A        N/A       100%        4
 Petrify                  Tmut/Erth      0%         N/A       100%        4
 Alistair's Intoxication  Tmut/Pois      0%         N/A       100%        5
 Bolt of Magma            Conj/Fire/Erth 0%         4d4       100%        5
 Borgnjor's Vile Clutch   Necr/Erth      0%         N/A       100%        5
 Freezing Cloud           Conj/Ice/Air   0%         6-21      100%        5
 Irradiate                Conj/Tmut      0%         3d13      100%        5
 Manifold Assault         Tloc           0%         N/A       100%        5
 Metabolic Englaciation   Hex/Ice        0%         N/A       100%        5
 Yara's Violent Unravell  Hex/Tmut       0%         3d3       100%        5
 Death Channel            Necr           0%         N/A       100%        6
 Dispersal                Tloc           0%         N/A       100%        6
 Eringya's Noxious Bog    Tmut/Pois      0%         N/A       100%        6
 Invisibility             Hex            0%         N/A       100%        6
 Simulacrum               Ice/Necr       0%         N/A       100%        6
 Starburst                Conj/Fire      0%         6d3       100%        6
 Haunt                    Necr/Summ      0%         N/A       100%        7
 Orb of Destruction       Conj           0%         N/A       100%        7
 Ozocubu's Refrigeration  Ice            0%         4d5       100%        7
 Spellforged Servitor     Conj/Summ      0%         N/A       100%        7
 Infestation              Necr           0%         N/A       100%        8
 Lehudib's Crystal Spear  Conj/Erth      0%         10d2      100%        8
 Dragon's Call            Summ           0%         N/A       100%        9
 Ice Form                 Ice/Tmut       Unusable   N/A       N/A         4
 Blade Hands              Tmut           Unusable   N/A       N/A         5
 Statue Form              Tmut/Erth      Unusable   N/A       N/A         6
 Dragon Form              Tmut           Unusable   N/A       N/A         7

Dungeon Overview and Level Annotations

Branches:
Dungeon (15/15)            Temple (1/1) D:4            Lair (6/6) D:10
  Swamp (4/4) Lair:4        Snake (4/4) Lair:4        Slime (0/5) Lair:5
    Orc (2/2) D:12            Elf (3/3) Orc:2        Vaults (5/5) D:13
  Crypt (3/3) Vaults:2       Tomb (1/3) Crypt:3      Depths (0/5) D:15
  IceCv (visited)

Altars:
Ashenzari
Cheibriados
Dithmenos
Elyvilon
Fedhas
Gozag
Hepliaklqana
Kikubaaqudgha
Makhleb
Nemelex Xobeh
Okawaru
Qazlal
Ru
Sif Muna
Trog
Uskayaw
Vehumet
Wu Jian
Xom
Yredelemnul
Zin
The Shining One
Jiyva

Shops:
D:5 *   D:9 =   Orc:2 [[*:   Snake:1 ?![(   Snake:2 *   Snake:3 (   Snake:4 :
Vaults:1 !   Vaults:3 ?   Vaults:4 :   Vaults:5 [

Annotations:
D:8 1 runed translucent door
Swamp:3 2 runed translucent doors, snackwell's ghost, adept GnWn
Vaults:4 1 transporter


Innate Abilities, Weirdness & Mutations

You thrive by killing the living.
You are immune to poison.
You have sharp fingernails.
Your flesh is cold resistant. (rC+)
You are immune to negative energy. (rN+++)
You do not regenerate when monsters are visible.
You are immune to unholy pain and torment.


Message History

The death scarab bites you.
* * * LOW HITPOINT WARNING * * *
The death scarab drains your vigour!
You feel as though you will be slow longer.
The death scarab bites you!
* * * LOW HITPOINT WARNING * * *
The death scarab drains your vigour!
You already are as slow as you could be.
The death scarab is engulfed in freezing vapours.
The death scarab barely misses you. You block the death scarab's attack.
The death scarab is engulfed in freezing vapours.
The death scarab bites you but does no damage.
The death scarab is engulfed in freezing vapours.
The death scarab barely misses you.
The death scarab bites you but does no damage.
The death scarab is engulfed in freezing vapours.
The death scarab bites you.
* * * LOW HITPOINT WARNING * * *
The death scarab drains your vigour!
You already are as slow as you could be.
The death scarab bites you but does no damage.
The death scarab is engulfed in freezing vapours.
The death scarab bites you but does no damage.
The death scarab is engulfed in freezing vapours.
The death scarab bites you but does no damage. x2
The death scarab is engulfed in freezing vapours.
The death scarab bites you but does no damage.
The death scarab bites you!
* * * LOW HITPOINT WARNING * * *
The death scarab drains your vigour!
You already are as slow as you could be.
The royal mummy is engulfed in freezing vapours.
The royal mummy completely misses you.
The death scarab is engulfed in freezing vapours.
The death scarab barely misses you.
The death scarab is engulfed in freezing vapours.
You destroy the death scarab!
The death scarab's corpse disappears in a puff of smoke!
The death scarab bites you.
You die...

....§§§(......#
....§§§.......#
^...§§M^......#
......((......#
......§§§.....#
.....§(M§§....#
.....§§BB§....#
(..^.§B@B§....#######
.....§§§M§.....(.....
......(§§§..........M
#######.......#######
##'''''## #.......#
#.8...8.# #.......#
#.......#


You could see 2 royal mummies, 4 death scarabs and a mummy.

Vanquished Creatures
  The ghost of Daunt the Warrior, a veteran DgIE (Elf:3)
  The ghost of royokou the Executioner, a veteran MiFi of Makhleb (Vaults:4)
  the Lernaean hydra (Swamp:4)
  Frederick (Vaults:3)
  A golden dragon (Vaults:5)
  Jory (Crypt:3)
  4 titans
  2 liches
  A tentacled monstrosity (Vaults:5)
  Jorgrun (D:15)
  Asterion (Orc:2)
  3 quicksilver dragons (Vaults:5)
  A deep elf master archer (Elf:3)
  2 deep elf blademasters
  2 tentacled starspawn (Abyss:2)
  4 ancient champions
  A thorn hunter (Swamp:1)
  Gastronok (Lair:1)
  12 sphinxes
  5 storm dragons
  A shadow dragon (Vaults:4)
  6 tengu reavers
  3 revenants
  A fenstrider witch (Swamp:3)
  9 nagarajas (Snake:4)
  Donald (Elf:1)
  A fire giant (Vaults:4)
  5 frost giants
  5 deep elf sorcerers
  15 vault wardens
  2 orc warlords
  Aizul (Snake:4)
  A ghost moth (Crypt:3)
  3 deep elf elementalists
  2 curse skulls
  Louise (Swamp:4)
  10 ghouls
  25 ironbound preservers
  11 very ugly things
  4 reapers
  5 stone giants
  2 war gargoyles
  2 vampire knights
  An entropy weaver (Vaults:5)
  9 deep elf demonologists
  4 bunyips
  A spectral titan (Crypt:3)
  5 deep elf annihilators (Elf:3)
  Azrael (D:13)
  10 dire elephants
  9 eidola (Crypt:3)
  3 crystal guardians
  3 eleionomae
  A spectral quicksilver dragon (Crypt:3)
  4 ettins
  2 quicksilver dragon zombies (Crypt:1)
  15 deep elf death magi
  12 jiangshi
  3 mummy priests (Tomb:1)
  Snorg (Lair:4)
  A spectral golden dragon (Crypt:3)
  12 deep elf high priests
  15 yaktaur captains
  Josephine (D:12)
  A shambling mangrove (Swamp:3)
  3 great orbs of eyes
  25 hydras
  7 ironbound thunderhulks
  4 ogre magi
  3 catoblepae (Lair:6)
  8 naga warriors
  35 vault guards
  2 peacekeepers
  4 ironbound frosthearts
  7 boulder beetles
  Erica (D:9)
  8 alligators
  8 anacondas
  3 spectral fire giants (Crypt:3)
  A two-headed ogre (shapeshifter) (Vaults:5)
  2 spectral frost giants (Crypt:3)
  3 death knights
  16 centaur warriors
  29 dancing weapons
  19 death yaks
  9 two-headed ogres
  3 tengu warriors (D:13)
  2 spectral dire elephants (Crypt:3)
  9 vampire magi
  3 orc high priests (Orc:2)
  3 spectral storm dragons (Crypt:3)
  8 ironbound beastmasters
  7 thrashing horrors
  4 soul eaters
  14 naga sharpshooters
  Sonja (Lair:6)
  A wretched star (Abyss:2)
  23 deep elf knights
  Nergalle (D:10)
  8 shock serpents
  39 skeletal warriors
  A spatial maelstrom (Abyss:2)
  5 sea snakes (Snake:4)
  A spectral ghost moth (Crypt:3)
  2 salamander mystics (Snake:3)
  7 shadow wraiths
  4 goliath frogs
  A spectral anaconda (Crypt:3)
  A spectral hydra (Crypt:3)
  27 ironbound convokers
  67 deep trolls
  A glowing orange brain (Vaults:2)
  2 storm dragon skeletons (Vaults:3)
  9 flayed ghosts
  14 starcursed masses
  2 bog bodies (Lair:4)
  2 spectral iron dragons (Crypt:3)
  11 orc knights
  14 wizards
  2 golden dragon skeletons
  19 phantasmal warriors
  14 swamp dragons
  7 naga ritualists
  21 deep elf zephyrmancers
  A shadow dragon zombie (Crypt:2)
  6 spriggan druids
  An anaconda skeleton (Crypt:1)
  13 deep elf archers
  2 wolf spider zombies (Crypt:1)
  An iron giant skeleton (Crypt:1)
  32 ugly things
  Pikel (D:7)
  3 lindwurms
  34 deep elf pyromancers
  9 necromancers
  A fire giant zombie (Crypt:1)
  7 orc sorcerers (Orc:2)
  2 oklob plants
  3 manticores
  12 mana vipers
  9 salamanders
  7 will-o-the-wisps
  A frost giant zombie (Crypt:1)
  6 cyclopes
  2 ice statues (IceCv)
  2 stone giant zombies
  38 black mambas
  A spectral shock serpent (Crypt:3)
  4 centaur zombies
  20 vault sentinels
  3 frost giant skeletons
  16 naga magi
  24 elephants
  2 gargoyles
  3 smoke demons
  A stone giant skeleton (Crypt:2)
  6 torpor snails
  A cane toad (shapeshifter) (D:14)
  11 cane toads
  An emperor scorpion zombie (Crypt:3)
  4 guardian serpents (Snake:4)
  2 fire giant skeletons
  Maggie (D:7)
  A dire elephant skeleton (Tomb:1)
  2 rime drakes
  Psyche (D:12)
  22 yaktaurs
  A yaktaur zombie (Vaults:1)
  2 kobold demonologists
  5 ice devils (IceCv)
  11 komodo dragons
  A tengu conjurer (D:13)
  An anaconda simulacrum (IceCv)
  8 guardian mummies
  An entropy weaver simulacrum (IceCv)
  11 trolls
  14 freezing wraiths
  A bloated husk (Swamp:4)
  A green draconian skeleton (Crypt:1)
  A spectral harpy (Crypt:3)
  A shadow dragon simulacrum (Crypt:3)
  A red draconian skeleton (Crypt:3)
  4 polar bears
  A harpy zombie (Crypt:1)
  23 hornets
  11 tyrant leeches
  8 large abominations
  A wolf spider simulacrum (Crypt:1)
  An iron dragon simulacrum (Crypt:3)
  A fire dragon zombie (Crypt:1)
  A raiju (Abyss:2)
  A wind drake (shapeshifter) (Vaults:4)
  6 dream sheep
  An ettin zombie (Crypt:2)
  40 slime creatures
  A human simulacrum (Vaults:3)
  A stone giant simulacrum (Crypt:3)
  8 blink frogs
  A meliai zombie (D:11)
  A spectral swamp dragon (Crypt:3)
  6 air elementals
  An alligator skeleton (Tomb:1)
  5 flying skulls (Abyss:2)
  28 spriggans
  2 wyverns
  5 shadows
  3 ushabtiu (Tomb:1)
  A ynoxinul (Abyss:2)
  2 black mamba skeletons
  58 yaks
  Sigmund (D:4)
  A vampire (D:11)
  A dire elephant simulacrum (Crypt:3)
  11 fire elementals
  7 water elementals
  16 humans
  13 wraiths
  Grum (D:9)
  4 death yak simulacra
  2 steam dragons
  A yaktaur simulacrum (Vaults:3)
  7 basilisks
  2 neqoxecs (Abyss:2)
  14 vampire mosquitoes
  6 small abominations
  21 swamp worms
  Edmund (D:4)
  A spectral cane toad (Crypt:3)
  2 acid dragons
  40 nagas
  An orb spider zombie (Crypt:3)
  A cane toad zombie (Crypt:1)
  4 wargs (Orc:2)
  13 water moccasins
  2 spectral snapping turtles (Crypt:3)
  8 swamp drakes
  2 hell hounds (D:13)
  A black bear (Lair:2)
  18 orc warriors
  2 sky beasts (D:7)
  2 ice beasts
  2 ettin simulacra
  A snapping turtle zombie (Crypt:2)
  A black bear (shapeshifter) (D:15)
  A manticore zombie (Crypt:3)
  7 necrophages
  24 wolves
  18 ogres
  5 boggarts
  16 centaurs
  An elephant skeleton (Crypt:1)
  3 human skeletons
  3 lemures (D:7)
  6 kobold brigands
  4 elf zombies (Elf:1)
  5 bullfrogs
  2 scorpions
  6 two-headed ogre simulacra (IceCv)
  2 wyvern zombies (D:7)
  5 earth elementals
  2 gnoll sergeants
  A komodo dragon skeleton (Crypt:3)
  3 cane toad simulacra
  2 troll zombies
  A raiju zombie (Crypt:2)
  2 elephant simulacra (IceCv)
  4 killer bees (D:9)
  10 wights
  10 electric eels
  8 jellies
  Crazy Yiuf (D:6)
  2 hounds
  2 bullfrog skeletons (D:5)
  16 orc priests
  A centaur skeleton (D:7)
  An iguana (D:7)
  11 orc wizards
  4 troll simulacra
  5 spriggan simulacra
  2 wolf simulacra
  7 ogre zombies (D:12)
  A naga zombie (Crypt:2)
  12 mummies
  12 gnolls
  3 naga simulacra
  2 river rats (D:4)
  8 adders
  2 white imps
  A halfling zombie (Crypt:2)
  An adder skeleton (D:5)
  3 worms
  4 dart slugs
  A halfling skeleton (Crypt:3)
  51 orcs
  7 ball pythons
  8 bats
  6 endoplasms
  12 goblins
  12 hobgoblins
  4 jackals (D:1)
  35 kobolds
  2 quokkas
  A ball python zombie (Crypt:1)
  4 frilled lizards
  2 goblin zombies (D:12)
  A hobgoblin skeleton (D:12)
  4 hobgoblin zombies (D:12)
  5 orc skeletons (D:12)
  13 orc zombies (D:12)
  9 rats
  A rat skeleton (Crypt:2)
  A spectral orc (Crypt:3)
  2 bushes (D:6)
  5 starspawn tentacles (Abyss:2)
2082 creatures vanquished.

Vanquished Creatures (collateral kills)
  A storm dragon (Vaults:5)
  A stone giant (Vaults:5)
  2 ogre magi (Vaults:5)
  A phantasmal warrior (Vaults:5)
5 creatures vanquished.

Vanquished Creatures (others)
  A deep elf master archer (Elf:3)
  A deep elf archer (Elf:3)
  A wizard (Vaults:3)
  A polar bear (shapeshifter) (Elf:2)
  A hornet (Swamp:4)
  An air elemental (Elf:3)
  12 foxfires
  29 fungi
  41 plants
  5 starspawn tentacles (Abyss:2)
  7 toadstools (D:6)
100 creatures vanquished.

Grand Total: 2187 creatures vanquished

Notes
Turn   | Place    | Note
-------+----------+-------------------------------------------
     0 | D:1      | robertstho the Ghoul Gladiator began the quest for the Orb.
     0 | D:1      | Reached XP level 1. HP: 17/17 MP: 0/0
   383 | D:1      | Found a faded altar of an unknown god.
   399 | D:1      | Reached XP level 2. HP: 24/24 MP: 1/1
   699 | D:1      | Reached XP level 3. HP: 28/29 MP: 2/2
  1096 | D:2      | Reached skill level 1 in Armour
  1242 | D:2      | Reached XP level 4. HP: 35/37 MP: 3/3
  1265 | D:2      | You fall into a shaft and drop 1 floor!
  2729 | D:4      | Found the +8 longbow "Zephyr" {speed, Dex+3 SInv}
  2730 | D:4      | Found a staircase to the Ecumenical Temple.
  2743 | D:4      | Noticed a necrophage
  2754 | D:4      | Killed a necrophage
  2755 | D:4      | Reached skill level 5 in Unarmed Combat
  2755 | D:4      | Reached XP level 5. HP: 39/45 MP: 4/4
  3051 | D:4      | Reached skill level 1 in Bows
  3051 | D:4      | Reached XP level 6. HP: 51/51 MP: 5/5
  3082 | D:4      | Found a glowing drain.
  3117 | D:4      | Noticed Edmund
  3117 | D:4      | Noticed Sigmund
  3129 | D:4      | Killed Sigmund
  3136 | D:4      | Killed Edmund
  3137 | D:4      | Reached XP level 7. HP: 52/57 MP: 6/6
  3594 | Temple   | Entered the Ecumenical Temple
  3826 | D:4      | Reached XP level 8. HP: 66/66 MP: 7/7
  4096 | D:4      | Reached skill level 5 in Bows
  4317 | D:5      | Entered Level 5 of the Dungeon
  4449 | D:5      | Noticed a yak
  4450 | D:5      | Noticed a yak
  4455 | D:5      | Noticed a yak
  4457 | D:5      | Noticed a yak
  4458 | D:5      | Noticed a yak
  4459 | D:5      | Killed a yak
  4472 | D:5      | Killed a yak
  4478 | D:5      | Killed a yak
  4479 | D:5      | Killed a yak
  4484 | D:5      | Killed a yak
  4485 | D:5      | Reached XP level 9. HP: 73/73 MP: 8/8
  4614 | D:5      | Reached skill level 5 in Fighting
  4900 | D:5      | Found Zooj's Elemental Accessories.
  5725 | D:6      | Found a runed translucent door.
  5726 | D:6      | Noticed Crazy Yiuf
  6365 | D:6      | Reached XP level 10. HP: 83/83 MP: 9/9
  6753 | D:6      | Killed Crazy Yiuf
  7019 | D:7      | Noticed Maggie
  7029 | D:7      | Killed Maggie
  7030 | D:7      | Reached skill level 10 in Bows
  7200 | D:7      | Noticed Pikel
  7204 | D:7      | Killed Pikel
  8093 | D:8      | Found an iron altar of Okawaru.
  8115 | D:8      | Became a worshipper of Warmaster Okawaru
  8137 | D:8      | Found a runed translucent door.
  8137 | D:8      | Noticed a sixfirhy
  8232 | D:8      | Noticed a centaur warrior
  8237 | D:8      | Killed a centaur warrior
  8260 | D:8      | Reached skill level 1 in Invocations
  8509 | D:8      | Reached * piety under Okawaru
  8779 | D:9      | Reached XP level 11. HP: 92/92 MP: 9/11
  8845 | D:9      | Reached ** piety under Okawaru
  9186 | D:9      | Found Dassilis's Jewellery Shop.
  9206 | D:9      | Bought an amulet of reflection for 390 gold pieces
  9423 | D:9      | Noticed Erica
  9430 | D:9      | Killed Erica
  9588 | D:9      | Noticed Grum
  9591 | D:9      | Killed Grum
  9690 | D:10     | Entered Level 10 of the Dungeon
  9781 | D:10     | Noticed Nergalle
  9784 | D:10     | Reached *** piety under Okawaru
  9795 | D:10     | Killed Nergalle
  9798 | D:10     | Noticed a cyclops
  9802 | D:10     | Killed a cyclops
  9812 | D:10     | Noticed a manticore
  9822 | D:10     | Killed a manticore
 10148 | D:10     | Found a staircase to the Lair.
 10157 | D:10     | Reached **** piety under Okawaru
 10782 | D:11     | Reached XP level 12. HP: 102/102 MP: 14/14
 10890 | D:11     | Noticed a boulder beetle
 10899 | D:11     | Killed a boulder beetle
 11015 | D:11     | Reached ***** piety under Okawaru
 11073 | D:11     | Reached skill level 1 in Stealth
 11139 | D:11     | Received a gift from Okawaru
 11146 | D:11     | Noticed a centaur warrior
 11156 | D:11     | Killed a centaur warrior
 11156 | D:11     | Received a gift from Okawaru
 11945 | D:12     | Found a staircase to the Orcish Mines.
 11946 | D:12     | Received a gift from Okawaru
 12051 | D:12     | Reached skill level 5 in Armour
 12051 | D:12     | Reached skill level 5 in Invocations
 12332 | D:12     | Noticed Psyche
 12334 | D:12     | Killed Psyche
 12343 | D:12     | Noticed a five-headed hydra
 12347 | D:12     | Killed a five-headed hydra
 12347 | D:12     | Received a gift from Okawaru
 12360 | D:12     | Noticed a two-headed ogre
 12367 | D:12     | Killed a two-headed ogre
 12623 | D:12     | Noticed Josephine
 12627 | D:12     | Killed Josephine
 12627 | D:12     | Received a gift from Okawaru
 12628 | D:12     | Reached XP level 13. HP: 111/111 MP: 16/16
 13016 | D:12     | Reached ****** piety under Okawaru
 13036 | D:12     | Received a gift from Okawaru
 13044 | D:12     | Reached skill level 10 in Fighting
 13095 | D:13     | Found a gate to the Vaults.
 13123 | D:12     | Reached skill level 1 in Shields
 13244 | D:13     | Identified the +9 shortbow of Woe {vorpal, MP-9 Str+4}
                  | (Okawaru gifted it to you on level 13 of the Dungeon)
 13244 | D:13     | Received a gift from Okawaru
 13917 | D:13     | Reached skill level 15 in Bows
 14082 | D:13     | Received a gift from Okawaru
 14198 | D:13     | Received a gift from Okawaru
 14675 | D:13     | Noticed Azrael
 14687 | D:13     | Killed Azrael
 14754 | D:13     | Identified the +12 crystal plate armour of Agoraphobia
                  | {rCorr} (Okawaru gifted it to you on level 13 of the
                  | Dungeon)
 14754 | D:13     | Received a gift from Okawaru
 15325 | Lair:1   | Entered Level 1 of the Lair of Beasts
 15566 | Lair:1   | Reached XP level 14. HP: 122/122 MP: 18/18
 15579 | Lair:1   | Noticed Gastronok
 15590 | Lair:1   | Killed Gastronok
 15651 | Lair:1   | Reached skill level 10 in Unarmed Combat
 16383 | Lair:2   | Found the +10 Black Knight's barding {ponderous, rPois rN+}
 16617 | Lair:2   | Found a hazy altar of Hepliaklqana.
 17335 | Lair:3   | Received a gift from Okawaru
 17504 | Lair:3   | Received a gift from Okawaru
 17757 | Lair:3   | Found an opulent altar of Gozag.
 18194 | Lair:4   | Found a staircase to the Swamp.
 18259 | Lair:4   | Found a staircase to the Snake Pit.
 18593 | Lair:4   | Noticed Snorg
 18601 | Lair:4   | Killed Snorg
 19289 | Lair:5   | Found a viscous altar of Jiyva.
 19290 | Lair:5   | Found a staircase to the Slime Pits.
 19295 | Lair:5   | Reached XP level 15. HP: 133/133 MP: 19/19
 19377 | Lair:5   | Found a snail-covered altar of Cheibriados.
 19647 | Lair:5   | Found the +6 arbalest "Damnation" {damnation}
 19940 | Lair:6   | Entered Level 6 of the Lair of Beasts
 20046 | Lair:6   | Noticed Sonja
 20074 | Lair:6   | Killed Sonja
 20080 | Lair:6   | Received a gift from Okawaru
 20196 | Lair:6   | Received a gift from Okawaru
 20326 | Lair:6   | Identified the +1 shortbow of Fortitude {flame, rPois
                  | Will+} (Okawaru gifted it to you on level 6 of the Lair of
                  | Beasts)
 20326 | Lair:6   | Received a gift from Okawaru
 21086 | Lair:6   | Identified the +1 ring mail "Plog" {rF+ rCorr Str-5}
                  | (Okawaru gifted it to you on level 6 of the Lair of Beasts)
 21086 | Lair:6   | Received a gift from Okawaru
 21128 | Lair:6   | Reached XP level 16. HP: 144/144 MP: 21/21
 21711 | Orc:1    | Entered Level 1 of the Orcish Mines
 21717 | Orc:1    | Found a frozen archway.
 21756 | IceCv    | Entered an ice cave
 22632 | Orc:2    | Entered Level 2 of the Orcish Mines
 22811 | Orc:2    | Found a staircase to the Elven Halls.
 22983 | Orc:2    | Found Qatailig's Book Emporium.
 23000 | Orc:2    | Found Paceama's Assorted Antiques.
 23055 | Orc:2    | Bought a scroll labelled ONUOKLAUZO for 26 gold pieces
 23055 | Orc:2    | Bought a scroll of identify for 52 gold pieces
 23055 | Orc:2    | Bought a potion of heal wounds for 130 gold pieces
 23055 | Orc:2    | Bought a ruby potion for 23 gold pieces
 23060 | Orc:2    | Identified a scroll of acquirement
 23062 | Orc:2    | Found Wairot's Antique Armour Shop.
 23064 | Orc:2    | Found Udapeinari's Armour Emporium.
 23098 | Orc:2    | Bought a spiked helmet for 313 gold pieces
 23098 | Orc:2    | Identified the +1 helmet of Woschetuo {Int+5} (You bought
                  | it in a shop on level 2 of the Orcish Mines)
 23129 | Orc:2    | Received a gift from Okawaru
 23439 | Elf:1    | Entered Level 1 of the Elven Halls
 23439 | Elf:1    | Noticed Asterion
 23444 | Elf:1    | Noticed an Executioner
 23497 | D:14     | Acquired a +2 helmet of see invisible
 23527 | D:14     | Received a gift from Okawaru
 23846 | D:14     | Found a stormy altar of Qazlal.
 24192 | D:15     | Entered Level 15 of the Dungeon
 24330 | D:15     | Noticed Jorgrun
 24362 | D:15     | Killed Jorgrun
 24832 | D:15     | Received a gift from Okawaru
 24853 | D:15     | Found a sacrificial altar of Ru.
 24876 | D:15     | Received a gift from Okawaru
 24963 | D:15     | Reached XP level 17. HP: 154/154 MP: 23/23
 25014 | D:15     | Found a staircase to the Depths.
 25438 | Snake:1  | Entered Level 1 of the Snake Pit
 25487 | Snake:1  | Found Micrynt's Weapon Emporium.
 25517 | Snake:1  | Bought 13 arrows for 31 gold pieces
 25589 | Snake:1  | Found Juxtal's Antique Armour Shop.
 25590 | Snake:1  | Found Tiukhic's Distillery.
 25592 | Snake:1  | Found Luppaude's Magic Scroll Shop.
 26028 | Snake:1  | Identified the +6 falchion "Lynudam" {protect, Contam rElec
                  | rF+ Int+4}
 26048 | Snake:1  | Bought a potion of curing for 48 gold pieces
 26048 | Snake:1  | Bought a potion of heal wounds for 80 gold pieces
 26048 | Snake:1  | Bought a potion of curing for 48 gold pieces
 26048 | Snake:1  | Bought a potion of invisibility for 128 gold pieces
 26048 | Snake:1  | Bought a potion of degeneration for 16 gold pieces
 26048 | Snake:1  | Bought a potion of curing for 48 gold pieces
 26054 | Snake:1  | Bought a scroll of identify for 24 gold pieces
 26054 | Snake:1  | Bought a scroll of blinking for 90 gold pieces
 26054 | Snake:1  | Bought a scroll of teleportation for 36 gold pieces
 26308 | Snake:1  | Received a gift from Okawaru
 26880 | Snake:2  | Received a gift from Okawaru
 27005 | Snake:2  | Identified the +4 plate armour of the Bulwark {Harm Drain
                  | Str+5 Slay+3}
 27556 | Snake:2  | Found Mitarul's Assorted Antiques.
 27571 | Snake:2  | Bought a scroll labelled NORIUG XYPHUTU for 34 gold pieces
 27571 | Snake:2  | Bought a pair of glowing gloves for 255 gold pieces
 27599 | Snake:2  | Found a shadowy altar of Dithmenos.
 27818 | Snake:3  | Found Laojic's Antique Weapon Shop.
 27849 | Snake:3  | Reached skill level 15 in Fighting
 28377 | Snake:3  | Reached skill level 10 in Invocations
 28414 | Snake:3  | Received a gift from Okawaru
 29250 | Snake:4  | Entered Level 4 of the Snake Pit
 29340 | Snake:4  | Received a gift from Okawaru
 29380 | Snake:4  | Noticed Aizul
 29411 | Snake:4  | Found a radiant altar of Vehumet.
 29422 | Snake:4  | Killed Aizul
 30012 | Snake:4  | Reached XP level 18. HP: 163/163 MP: 24/24
 30375 | Snake:4  | Found Rifoarchi's Book Emporium.
 30657 | Snake:4  | Received a gift from Okawaru
 30894 | Snake:4  | Received a gift from Okawaru
 31129 | Snake:4  | Got a serpentine rune of Zot
 31492 | Swamp:1  | Entered Level 1 of the Swamp
 31696 | Swamp:1  | Received a gift from Okawaru
 31974 | Swamp:1  | Received a gift from Okawaru
 32726 | Swamp:2  | Received a gift from Okawaru
 32864 | Swamp:2  | Reached XP level 19. HP: 174/174 MP: 26/26
 33573 | Swamp:3  | Found a hazy altar of Hepliaklqana.
 34176 | Swamp:3  | Found a large runed translucent door.
 34176 | Swamp:3  | Found a large runed translucent door.
 34278 | Swamp:3  | Noticed snackwell's ghost (adept GnWn)
 34306 | Swamp:4  | Entered Level 4 of the Swamp
 34707 | Swamp:4  | Noticed Louise
 34713 | Swamp:4  | Received a gift from Okawaru
 35068 | Swamp:4  | Killed Louise
 35369 | Swamp:4  | Found the +9 scales of the Dragon King {rPois rF+ rC+
                  | Will+}
 35560 | Swamp:4  | Received a gift from Okawaru
 35586 | Swamp:4  | Noticed the 27-headed Lernaean hydra
 35597 | Swamp:4  | Killed the 27-headed Lernaean hydra
 35990 | Swamp:4  | Got a decaying rune of Zot
 36946 | Orc:2    | Killed Asterion
 37164 | Elf:1    | Noticed Donald
 37176 | Elf:1    | Killed Donald
 37284 | Elf:1    | Found a radiant altar of Vehumet.
 37460 | Elf:1    | Reached XP level 20. HP: 185/187 MP: 27/27
 37610 | Elf:1    | Paralysed by an air elemental for 1 turns
 37868 | Elf:1    | Identified the +2 triple sword "Rydghigg Base" {antimagic,
                  | rElec rF- Will+ Dex+3} (Okawaru gifted it to you on level 1
                  | of the Elven Halls)
 37868 | Elf:1    | Received a gift from Okawaru
 38132 | Elf:2    | Paralysed by an air elemental for 1 turns
 38136 | Elf:1    | Paralysed by an air elemental for 1 turns
 38141 | Elf:1    | Paralysed by an air elemental for 1 turns
 39398 | Elf:2    | Received a gift from Okawaru
 39625 | Elf:2    | Found a runed translucent gate.
 39628 | Elf:2    | Found a runed translucent gate.
 39628 | Elf:2    | Found a runed translucent gate.
 39694 | Elf:2    | Paralysed by an air elemental for 1 turns
 39698 | Elf:2    | Received a gift from Okawaru
 39768 | Elf:2    | Paralysed by an air elemental for 1 turns
 39771 | Elf:2    | Paralysed by an air elemental for 1 turns
 39776 | Elf:2    | Paralysed by an air elemental for 1 turns
 40347 | Elf:2    | Received a gift from Okawaru
 40708 | Elf:3    | Entered Level 3 of the Elven Halls
 40835 | Elf:3    | Cast into level 3 of the Abyss (a deep elf demonologist)
 40953 | Elf:3    | Escaped the Abyss
 40980 | Elf:3    | Noticed a Brimstone Fiend
 41099 | Elf:3    | Reached XP level 21. HP: 179/198 MP: 29/29
 41143 | Elf:3    | Found the +3 Elemental Staff {rElec rF++ rC++ Will++ AC+5}
 41145 | Elf:3    | Noticed Daunt's ghost (veteran DgIE)
 41153 | Elf:3    | Found a runed translucent gate.
 41153 | Elf:3    | Found a runed translucent gate.
 41155 | Elf:3    | Found a runed translucent gate.
 41616 | Elf:3    | Identified the ring "Kirche" {Fire rPois rN+ Dex+4}
 41653 | Elf:3    | Cast into level 2 of the Abyss (a deep elf demonologist)
 41653 | Abyss:2  | Found a hazy altar of Hepliaklqana.
 42019 | Abyss:2  | Received a gift from Okawaru
 42031 | Elf:3    | Escaped the Abyss
 42405 | Elf:3    | Cast into level 2 of the Abyss (a deep elf demonologist)
 42405 | Abyss:2  | Found a corrupted altar of Lugonu.
 42423 | Elf:3    | Escaped the Abyss
 42434 | Elf:3    | Received a gift from Okawaru
 42696 | Elf:3    | Identified the +1 pair of gloves "Toick" {Str+5}
 42735 | Elf:3    | Identified the +0 pair of boots of Zaihafokh {+Blink rF-
                  | rC+ rCorr}
 42941 | Elf:3    | Found an ancient bone altar of Kikubaaqudgha.
 43082 | Elf:3    | Paralysed by an air elemental for 1 turns
 43224 | Elf:3    | Killed Daunt's ghost
 43248 | Elf:3    | Identified the +2 cloak of Yboemoga {rF+ MP-9 Dex+6 Slay+6}
 43394 | Vaults:1 | Entered Level 1 of the Vaults
 43707 | Vaults:1 | Received a gift from Okawaru
 43772 | Vaults:1 | Reached XP level 22. HP: 211/211 MP: 30/30
 43924 | Vaults:1 | Found Jerphat's Distillery.
 43946 | Vaults:1 | Bought a potion of curing for 39 gold pieces
 43946 | Vaults:1 | Bought a potion of heal wounds for 65 gold pieces
 43946 | Vaults:1 | Bought a potion of heal wounds for 65 gold pieces
 43946 | Vaults:1 | Bought a potion of haste for 130 gold pieces
 43946 | Vaults:1 | Bought a potion of haste for 130 gold pieces
 43993 | Vaults:1 | Reached skill level 15 in Unarmed Combat
 45217 | Vaults:2 | Received a gift from Okawaru
 45268 | Vaults:2 | Received a gift from Okawaru
 45565 | Vaults:2 | Received a gift from Okawaru
 45565 | Vaults:2 | Found the +3 warlock's mirror {reflect}
 46173 | Vaults:2 | Identified the +4 scimitar of Oplel {vorpal, MP+9}
 46757 | Vaults:2 | Found a staircase to the Crypt.
 46757 | Vaults:2 | Found a basalt altar of Yredelemnul.
 46758 | Vaults:2 | Found an ancient bone altar of Kikubaaqudgha.
 47141 | Vaults:3 | Reached XP level 23. HP: 222/222 MP: 32/32
 47211 | Vaults:3 | Noticed Frederick
 47223 | Vaults:3 | Killed Frederick
 48151 | Vaults:3 | Found Ymian's Magic Scroll Boutique.
 48157 | Vaults:3 | Bought a scroll of acquirement for 884 gold pieces
 48157 | Vaults:3 | Bought a scroll of teleportation for 51 gold pieces
 48157 | Vaults:3 | Bought a scroll of blinking for 127 gold pieces
 48157 | Vaults:3 | Bought a scroll of blinking for 127 gold pieces
 48164 | Vaults:3 | Acquired the +8 storm bow {elec, penet}
 48164 | Vaults:3 | Found the +8 storm bow {elec, penet}
 48403 | Vaults:3 | Received a gift from Okawaru
 49107 | Vaults:4 | Found Pygam's Book Boutique.
 49216 | Vaults:4 | Noticed royokou's ghost (veteran MiFi)
 49218 | Vaults:4 | Found a runed translucent gate.
 49218 | Vaults:4 | Found a runed translucent gate.
 49218 | Vaults:4 | Found a runed translucent gate.
 49281 | Vaults:4 | Found a transporter.
 49282 | Vaults:4 | Found a shimmering blue altar of Sif Muna.
 50137 | Vaults:4 | Identified the ring of the Evening {rPois Will+ Int+3}
 50167 | Vaults:5 | Entered Level 5 of the Vaults
 50170 | Vaults:5 | Received a gift from Okawaru
 50534 | Vaults:4 | Killed royokou's ghost
 50780 | Vaults:5 | Reached XP level 24. HP: 160/233 MP: 23/32
 50784 | Vaults:5 | Reached skill level 10 in Armour
 50892 | Vaults:5 | Received a gift from Okawaru
 51201 | Vaults:5 | Identified the +8 rapier of Yesterday {protect, *Corrode
                  | Dex+4 Stlth+}
 52111 | Vaults:5 | Received a gift from Okawaru
 52500 | Vaults:5 | Identified the +9 arbalest "Zecoeret" {venom, rN+ Int+4}
 53393 | Vaults:5 | Reached XP level 25. HP: 41/243 MP: 24/33
 53395 | Vaults:5 | Reached skill level 15 in Invocations
 54098 | Vaults:5 | Reached skill level 5 in Shields
 54298 | Vaults:5 | Got a silver rune of Zot
 54661 | Vaults:5 | Found Foippida's Armour Shoppe.
 54932 | Vaults:5 | Identified the +0 pair of gloves of Moral Flaws {Will+}
 55241 | Crypt:1  | Entered Level 1 of the Crypt
 55269 | Crypt:1  | Received a gift from Okawaru
 55792 | Crypt:1  | Found a blossoming altar of Fedhas.
 57367 | Crypt:3  | Entered Level 3 of the Crypt
 57367 | Crypt:3  | Found a staircase to the Tomb.
 57397 | Crypt:3  | Received a gift from Okawaru
 58068 | Crypt:3  | Reached XP level 26. HP: 255/255 MP: 24/33
 58298 | Crypt:3  | Found the +9 heavy crossbow "Sniper" {vorpal, Acc+∞ SInv}
 58945 | Crypt:3  | Noticed Jory
 58963 | Crypt:3  | Killed Jory
 59583 | Crypt:3  | Identified the +5 glaive of Laceration {holy, *Noise rElec
                  | rN+++ Dex-4 Stlth+}
 59608 | Crypt:3  | Identified the +4 shortbow of Puozyag {venom, rN+ Int+3
                  | Dex+4}
 60170 | Tomb:1   | Entered Level 1 of the Tomb of the Ancients
 60380 | Tomb:1   | Identified the +0 pair of boots "Jexie" {+Inv rPois rC-
                  | Str+3} (Okawaru gifted it to you on level 1 of the Tomb of
                  | the Ancients)
 60380 | Tomb:1   | Received a gift from Okawaru
 60461 | Tomb:1   | Noticed a royal mummy
 60461 | Tomb:1   | Noticed a royal mummy
 60474 | Tomb:1   | HP: 10/256 [death scarab[a royal mummy] (20)]
 60475 | Tomb:1   | HP: 2/256 [death scarab[a royal mummy] (9)]
 60475 | Tomb:1   | Slain by a death scarab

Illustrated notes

Levels and vault maps discovered:
D:1:      minmay_arrival_floating_metal, layout_loops_ring,
          shapermc_ecumenical_altar_mp_vishouse
D:2:      minmay_general_purpose_star, layout_rooms
D:3:      layout_basic, grunt_decor_fettered, chequers_serial_rivers_micro_b,
          minmay_misc_feat_secret_circle
D:4:      layout_layer_cave, minmay_temple_entry_offerings,
          lightli_sewer_entry_pipes, sigmund_edmund_badplayer
D:5:      corexii_shantytown, layout_loops_ring, nicolae_elemental_shop,
          amcnicky_mini_rare_corridor_liquid, minmay_misc_feat_tiny
D:6:      cheibrodos_fertilizer, layout_loops_ring, lexackson_kobold_supper,
          uniq_crazy_yiuf_cottage
D:7:      layout_loops_ring, nicolae_overflow_hidden_temple, uniq_pikel,
          uniq_maggie
D:8:      cheibrodos_shockbox, layout_rooms, lemuel_round_altar,
          bh_walls_and_bars
D:9:      layout_cave_pools, minmay_shop_enchanted_jewellery, uniq_erica,
          uniq_grum
D:10:     kennysheep_big_flooded_room, layout_basic, tso_metal_star,
          nicolae_elyvilon_temple_path, david_lair_generic, uniq_nergalle
D:11:     layout_basic, serial_undead, serial_undead_e, serial_undead_e,
          serial_undead_b, serial_undead_a
D:12:     layout_irregular_city, zombieorc2_lemuel, chequers_jeans, minivault_1,
          uniq_josephine, uniq_psyche
D:13:     layout_basic, david_vaults_3, minivault_14, dk_noncrumbling_2,
          uniq_azrael
D:14:     layout_basic, grunt_qazlal_clouds
D:15:     gammafunk_enter_depths_forms, layout_basic, nicolae_twisting_strands,
          nicolae_ru_awakened_eye, uniq_jorgrun
Temple:   regret_index_temple_sphere_string
Lair:1:   layout_cave_pods, serial_bayou_lake_a, uniq_gastronok
Lair:2:   layout_gridlike, lemuel_oklob_altar
Lair:3:   layout_roguey, basic_altar, serial_bayou_shore_a
Lair:4:   layout_gridlike, nicolae_swamp_entry_splash_gauntlet,
          guppyfry_snake_entry_garden, grunt_megastairs_3, uniq_snorg
Lair:5:   layout_roguey, slime_altar_1, minmay_lair_oklob_items,
          kennysheep_snail_temple
Lair:6:   evilmike_catoblepas_cave, layout_hall_layers, lemuel_fruit_fields,
          uniq_sonja
Swamp:1:  layout_falls_marsh, evilmike_swamp_ruin_house_1, swamp_pool1
Swamp:2:  layout_basic_swamp, evilmike_swamp_ruin_house_5,
          infiniplex_staircase_pool
Swamp:3:  layout_basic_swamp, ebering_ghost_disaster_area,
          evilmike_swamp_ruin_house_4, swamp_pool4, lemuel_altar_in_water2
Swamp:4:  swamp_old_school, layout_basic_swamp, swamp_pool1,
          nicolae_swamp_wisp_ring_woods, uniq_louise
Snake:1:  layout_layer_cave, serial_shops, nicolae_square_shop, drop_trap,
          nicolae_wooded_promenade
Snake:2:  layout_grid_maze, basic_altar, serial_shops, nicolae_shop_crystal
Snake:3:  layout_layer_cave, drop_trap, nicolae_stop_n_shop_2,
          grunt_ministairs_10
Snake:4:  grunt_snake_rune_pools, layout_grid_shapes, serial_shops, shop,
          basic_altar, uniq_aizul
Orc:1:    layout_diamond_mine, portal_ice_cave_entry_ice_simulacra
Orc:2:    st_orc_elflike, layout_caves
Elf:1:    minmay_elf_arrival_summoners, layout_geoelf_octagon, basic_altar,
          minmay_elf_necromancy, uniq_asterion, uniq_donald
Elf:2:    nicolae_elf_blades_crystal_corner, layout_loops_corners,
          evilmike_ambush [evilmike_ambush_outer_pillars,
          evilmike_ambush_inner_pond]
Elf:3:    minmay_elf_hall_not_hex, layout_geoelf_grid, gammafunk_ghost_split,
          basic_altar
Vaults:1: hangedman_vaults_cutoff, vaults_room_guarded_vault,
          hangedman_vaults_maws, vaults_room_grid,
          ontoclasm_vaults_decontamination, ontoclasm_vaults_gateway,
          nicolae_vaults_border_crossing, vaults_dpeg_encased_lava,
          ontoclasm_vaults_shuriken, hangedman_vaults_slice,
          layout_vaults_omnibox, serial_shops, nicolae_shop_stone
Vaults:2: v_rooms_6, nicolae_vaults_three_branches,
          minmay_crypt_entry_necro_gods, grunt_vaults_trifunnel,
          hangedman_vaults_stream, nicolae_vaults_network_square, st_cells,
          nicolae_vaults_asterisk, nicolae_vaults_rhombus_6, vaults_dpeg_cross,
          nicolae_vaults_mini_display_case, layout_vaults_chaotic_city
Vaults:3: nicolae_vaults_network_quinsquares
          [nicolae_vaults_network_quincunx_subvault,
          nicolae_vaults_network_quincunx_subvault,
          nicolae_vaults_network_quincunx_subvault,
          nicolae_vaults_network_quincunx_subvault], v_pattern_3, serial_ice_g,
          ontoclasm_vaults_ring_square, v_rooms_2, v_misc_9,
          hangedman_vaults_impose, ontoclasm_vaults_ring_square, v_misc_4,
          vaults_room_corners, vaults_dpeg_ring, layout_vaults_omnigrid,
          serial_shops, shop, uniq_frederick
Vaults:4: gammafunk_vaults_ghost_split, hangedman_vaults_stitches,
          nicolae_vaults_network_star, nicolae_vaults_back_hallway,
          dpeg_vaults_monster_row, nicolae_vaults_big_ls,
          gammafunk_sealed_library, vaults_room_octagon,
          layout_vaults_maze_bifur, serial_shops, nicolae_square_shop
Vaults:5
Crypt:1:  layout_gridlike, nicolae_crypt_fedhas_prevails,
          small_chamber_with_monster, grunt_megastairs_1
Crypt:2:  layout_basic
Crypt:3:  due_elkab, layout_chaotic_city, mu_enter_wizlab_3,
          minmay_guarded_unrand_curses, uniq_jory
Tomb:1

Skill      XL: |  1  2  3  4  5  6  7  8  9 10 11 12 13 14 15 16 17 18 19 20 21 22 23 24 25 26 |
---------------+-------------------------------------------------------------------------------+-----
Unarmed Combat | 4 5 6 7 8 9 10 11 12 13 14 15 16 17 | 17.3
Dodging        | 3 |  3.6
Armour         | 1 2 3 4 5 6 7 8 9 11 12 | 12.2
Fighting       | 3 4 5 7 8 9 10 12 13 14 15 16 18 19 20 21 22 23 24 | 24.7
Bows           | 1 3 4 7 9 11 12 14 15 16 17 19 20 21 22 23 24 | 24.8
Invocations    | 1 4 5 6 7 8 9 10 11 12 13 14 15 | 15.8
Stealth        | 1 2 |  2.1
Shields        | 1 2 3 4 5 |  5.4
Throwing       | |  1.7
Evocations     | |  0.4

Action                   |  1- 3 |  4- 6 |  7- 9 | 10-12 | 13-15 | 16-18 | 19-21 | 22-24 | 25-27 || total
-------------------------+-------+-------+-------+-------+-------+-------+-------+-------+-------++-------
Melee: Unarmed           |   108 |    63 |       |    79 |       |       |       |       |       ||   250
       Punch             |       |       |       |     4 |       |       |       |       |       ||     4
       Lance             |       |       |       |       |    10 |       |       |       |       ||    10
 Fire: Longbow           |       |    34 |   231 |   644 |  1164 |  1744 |  1781 |  1398 |   793 ||  7789
Invok: Heroism           |       |       |       |     2 |     3 |     2 |     1 |       |     1 ||     9
       Finesse           |       |       |       |       |     1 |       |     1 |       |     1 ||     3
Evoke: Wand              |       |       |       |       |       |       |     2 |       |       ||     2
       Condenser vane    |       |       |       |       |       |       |       |       |     1 ||     1
  Use: Scroll            |       |     4 |     4 |       |    11 |    20 |     7 |    11 |     1 ||    58
       Potion            |       |       |       |       |     4 |     2 |     1 |     8 |     3 ||    18
Armor: Leather armour    |    34 |    18 |       |       |       |       |       |       |       ||    52
       Chain mail        |       |    15 |    25 |   116 |    88 |       |       |       |       ||   244
       Crystal plate arm |       |       |       |       |   193 |   296 |   612 |   338 |       ||  1439
       Gold dragon scale |       |       |       |       |       |       |       |   233 |   305 ||   538
Dodge: Dodged            |    76 |    46 |    21 |    92 |    85 |    71 |   137 |   158 |   104 ||   790
       Repelled          |       |       |       |       |       |     1 |     7 |     3 |       ||    11
Block: Other             |       |       |       |    37 |    68 |    57 |   119 |   119 |    64 ||   464
       Reflection        |       |       |       |     6 |     5 |    12 |     9 |    14 |     2 ||    48
